 Dungeon Crawl Stone Soup version 0.22.0 (webtiles) character file.

104 dysrexia the Insei (level 4, -3/35 HPs)
             Began as a Draconian Transmuter on Aug 11, 2018.
             Killed by divine providence
             ... invoked by an orc priest
              (12 damage)
             ... on level 3 of the Dungeon.
             The game lasted 00:07:09 (1723 turns).

dysrexia the Insei (Draconian Transmuter)           Turns: 1723, Time: 00:07:10

Health: -3/35      AC:  5    Str: 12    XL:     4   Next: 52%
Magic:  5/7        EV: 12    Int: 14    God:
Gold:   175        SH:  0    Dex: 12    Spells: 1/7 levels left

rFire    . . .     SeeInvis .     - Unarmed
rCold    . . .     Gourm    .   (no shield)
rNeg     . . .     Faith    .   (armour unavailable)
rPois    .         Spirit   .   (helmet restricted)
rElec    .         Reflect  .   (no cloak)
rCorr    .         Harm     .   (no gloves)
MR       .....                  (no boots)
Stlth    +.........             (no amulet)
HPRegen  0.11/turn              (no ring)
MPRegen  0.10/turn              (no ring)

@: no status effects
A: unfitting armour, cold-blooded, AC +5
a: no special abilities


You were on level 3 of the Dungeon.
You were not hungry.

You visited 1 branch of the dungeon, and saw 3 of its levels.

You collected 175 gold pieces.

Inventory:

Hand Weapons
 h - a +0 blowgun
Missiles
 a - 25 arrows
 i - 13 poisoned needles
Jewellery
 b - an uncursed amulet of the acrobat {unknown}
Scrolls
 d - a scroll of amnesia {unknown}
 g - 3 scrolls of teleportation
 j - a scroll of identify {unknown}
 l - a scroll of fog {unknown}
Potions
 e - a potion of curing {unknown}
 f - a potion of degeneration {unknown}
Comestibles
 c - 6 rations
 k - 4 chunks of flesh


   Skills:
 - Level 1.1 Fighting
 - Level 1.7 Dodging
 * Level 5.3 Unarmed Combat
 - Level 2.0 Spellcasting
 + Level 2.1 Transmutations


You had one spell level left.
You knew the following spells:

 Your Spells              Type           Power        Failure   Level  Hunger
a - Beastly Appendage     Tmut           #.....       10%         1    ##.....
b - Sticks to Snakes      Tmut           #.......     16%         2    ###....
c - Spider Form           Tmut/Pois      #.........   43%         3    ####...

Your spell library contained the following spells:

 Spells                   Type           Power        Failure   Level  Hunger
 Blade Hands              Tmut           #.........   95%         5    ######.
 Ice Form                 Ice/Tmut       #.......     83%         4    #####..


Dungeon Overview and Level Annotations

Branches:
Dungeon (3/15)

Altars:
Makhleb
Vehumet


Innate Abilities, Weirdness & Mutations

Your plain brown scales are hard. (AC +5)
You cannot fit into any form of body armour.
You are cold-blooded and may be slowed by cold attacks.


Message History

Casting: Beastly Appendage (safe; 10% risk of failure)
Confirm with . or Enter, or press ? or * to list all spells.
You create a snake!
You now have 26 arrows.
You swap places.
Your ball python withers and dies!
Your ball python withers and dies!
Casting: Sticks to Snakes (safe; 16% risk of failure)
Confirm with . or Enter, or press ? or * to list all spells.
You create a snake!
You now have 25 arrows.
What are your orders? t - Shout!
Orders for allies: a - Attack new target. r - Retreat! s - Stop attacking. g - Guard the area. f - Follow me.
Anything else - Cancel.
Guard this area!
Your adder bites the orc priest.
The orc priest invokes the aid of Beogh against you.
Beogh smites you!
You die...

#.# ####.# ###.#
#.# #...# #)#
#o#.# ####.####
#S#.# #.......#
#.#.# #.##.##.#
#.#.# #.##.##.##
#.#.# #.##......
#@#.# #.#####.##
#.#.#####.#####.##
#.........<.......
#######..)........
###.#####.## #...
..# ##### ###


You could see an orc priest and a friendly adder.

Vanquished Creatures
  An orc wizard (D:3)
  An adder (D:2)
  4 worms
  4 orcs (D:3)
  2 giant cockroaches (D:1)
  8 goblins
  5 hobgoblins
  4 jackals (D:1)
  9 kobolds
  3 quokkas
  9 bats
  A frilled lizard (D:3)
  4 rats
55 creatures vanquished.

Vanquished Creatures (collateral kills)
  An orc (D:3)
1 creature vanquished.

Grand Total: 56 creatures vanquished

Notes
Turn   | Place    | Note
-------+----------+-------------------------------------------
     0 | D:1      | dysrexia the Draconian Transmuter began the quest for the Orb.
     0 | D:1      | Reached XP level 1. HP: 16/16 MP: 3/3
   174 | D:1      | Reached XP level 2. HP: 19/23 MP: 5/5
   453 | D:1      | Reached skill level 4 in Unarmed Combat
   641 | D:2      | Reached XP level 3. HP: 28/28 MP: 6/6
   924 | D:2      | Found a radiant altar of Vehumet.
   933 | D:2      | Found a burning altar of Makhleb.
  1151 | D:3      | Reached XP level 4. HP: 18/35 MP: 7/7
  1173 | D:3      | Learned a level 2 spell: Sticks to Snakes
  1182 | D:3      | Reached skill level 5 in Unarmed Combat
  1586 | D:3      | Learned a level 3 spell: Spider Form
  1723 | D:3      | Killed from afar by an orc priest

Skill      XL: |  1  2  3  4 |
---------------+-------------+-----
Unarmed Combat | 4 5 |  5.3
Fighting       | |  1.1
Dodging        | |  1.7
Spellcasting   | |  2.0
Transmutations | |  2.1

Action                   |  1- 3 |  4- 6 || total
-------------------------+-------+-------++-------
Melee: Unarmed           |   135 |    36 ||   171
       Tailslap          |    13 |     1 ||    14
       Punch             |     4 |     1 ||     5
       Kick              |     1 |     1 ||     2
 Cast: Beastly Appendage |     1 |     4 ||     5
       Sticks to Snakes  |       |     7 ||     7
  Use: Scroll            |     3 |       ||     3
 Stab: Sleeping          |     1 |       ||     1
       Distracted        |       |     1 ||     1
  Eat: Chunk             |     1 |     2 ||     3
Armor: Skin              |    55 |    10 ||    65
Dodge: Dodged            |    85 |    20 ||   105
